 Dungeon Crawl Stone Soup version 0.21.1-1-g345015f (webtiles) character file.

1049 wojtek the Cudgeler (level 8, 0/72 HPs)
             Began as a Gargoyle Fighter on July 20, 2018.
             Was an Initiate of Makhleb.
             Slain by an orc priest
             ... wielding a +0 flail
              (1 damage)
             ... on level 6 of the Dungeon.
             The game lasted 00:07:26 (4388 turns).

wojtek the Cudgeler (Gargoyle Fighter)              Turns: 4388, Time: 00:07:26

Health: 0/72       AC: 24    Str: 22    XL:     8   Next: 25%
Magic:  9/9        EV:  2    Int:  9    God:    Makhleb [......]
Gold:   99         SH:  9    Dex:  9    Spells: 7/7 levels left

rFire    . . .     SeeInvis .   a - +0 whip (venom)
rCold    . . .     Gourm    .   c - +0 shield
rNeg     + + +     Faith    .   (armour currently unavailable)
rPois    ∞         Spirit   .   (helmet currently unavailable)
rElec    .         Reflect  .   (cloak currently unavailable)
rCorr    .         Harm     .   (gloves currently unavailable)
MR       .....     NoTele   +   (boots currently unavailable)
Stlth    +.........             (no amulet)
HPRegen  0.22/turn              (no ring)
MPRegen  0.11/turn              (no ring)

@: tree-form
A: negative energy resistance 1, petrification resistance, rot immunity, AC +5
a: Renounce Religion


You were on level 6 of the Dungeon.
You worshipped Makhleb.
Makhleb was noncommittal.
You were not hungry.
You were a tree.
You visited 2 branches of the dungeon, and saw 7 of its levels.

You collected 209 gold pieces.
You spent 110 gold pieces at shops.

Inventory:

Hand Weapons
 a - a +0 whip of venom (weapon)
 b - a +0 flail
Missiles
 u - a throwing net (quivered)
Armour
 c - a +0 shield (worn)
 q - a +0 chain mail (melded)
Jewellery
 s - a cursed -3 ring of intelligence {unknown}
 z - an uncursed ring of see invisible {unknown}
Wands
 g - a wand of polymorph (18)
Scrolls
 e - 12 scrolls of identify
 h - a scroll of enchant armour {unknown}
 i - 3 scrolls of blinking {unknown}
 l - a scroll of amnesia {unknown}
 n - 3 scrolls of magic mapping
 p - a scroll of enchant weapon {unknown}
 v - a scroll of noise {unknown}
 y - 2 scrolls of teleportation
 A - a scroll of remove curse {unknown}
Potions
 d - 3 potions of might
 j - a potion of haste {unknown}
 k - 4 potions of curing {unknown}
 m - 2 potions of lignification
 o - 2 potions of berserk rage {unknown}
 r - a potion of agility {unknown}
 t - a potion of brilliance {unknown}
 x - a potion of resistance {unknown}
Books
 w - a book of Cantrips

   Spells                             Type                      Level
   a - Confusing Touch                Hexes                        1
   b - Animate Skeleton               Necromancy                   1
   c - Summon Small Mammal            Summoning                    1
   d - Apportation                    Translocation                1
Comestibles
 f - 6 rations
 B - 4 chunks of flesh


   Skills:
 + Level 4.3 Fighting
 + Level 7.7 Maces & Flails
 + Level 4.3 Armour
 + Level 1.8 Dodging
 + Level 4.3 Shields
 * Level 1.9 Invocations


You had 7 spell levels left.
You didn't know any spells.

Dungeon Overview and Level Annotations

Branches:
Dungeon (6/15)             Temple (1/1) D:6

Altars:
Ashenzari
Cheibriados
Dithmenos
Elyvilon
Fedhas
Gozag
Hepliaklqana
Kikubaaqudgha
Makhleb
Nemelex Xobeh
Okawaru
Qazlal
Sif Muna
Trog
Uskayaw
Vehumet
Wu Jian
Xom
Yredelemnul
Zin
The Shining One

Shops:
D:4 ?}?(

Annotations:
D:5 poirepourri's ghost, novice SpEn


Innate Abilities, Weirdness & Mutations

You are resistant to torment.
((Your stone body is resilient. (AC +5)))
You are immune to poison.
You resist negative energy. (rN+)
((You are resistant to electric shocks. (rElec)))
((You can survive without breathing.))
You are immune to petrification.
You are immune to rotting.


Message History

The orc priest mumbles some strange prayers to Beogh against you.
Beogh smites you! You block the orc's attack.
You hit the orc priest but do no damage.
The orc hits you with a war axe.
* * * LOW HITPOINT WARNING * * *
The orc priest hits you but does no damage.
The orc priest closely misses you.
Unknown command.
You closely miss the orc priest. The orc hits you but does no damage.
The orc priest hits you.
* * * LOW HITPOINT WARNING * * *
The orc barely misses you.
The orc priest calls down the wrath of Beogh upon you.
Beogh smites you!
* * * LOW HITPOINT WARNING * * *
It was a potion of lignification.
You turn into a tree.
Your +0 chain mail melds into your body.
Your roots penetrate the ground.
The orc hits you but does no damage. You block the orc priest's attack.
The orc priest hits you with a flail.
You die...

................#####
......#...........#.#.
#.......)....$...#.#.#
..........#........#.
..........##.....# .##
.##...(...##.....#...#
......(..........#..# #
...............oo..#....
.....(.#........♣)..#
##........###..oo.......
#.<)......##............
.................##.....
.................# .#..#
.................. # ..
..................# .
..................#
...........##.....


You could see 2 orc priests and 2 orcs.

Vanquished Creatures
  Grinder (D:3)
  An ice beast (D:6)
  An ogre (D:4)
  2 centaurs (D:6)
  A bullfrog (D:6)
  A howler monkey (D:4)
  A crimson imp (D:6)
  A hound (D:6)
  A bullfrog skeleton (D:4)
  An orc priest (D:6)
  A centaur skeleton (D:4)
  Jessica (D:4)
  An iguana (D:3)
  3 worker ants
  A gnoll (D:1)
  3 adders
  2 worms (D:3)
  3 dart slugs
  7 leopard geckos
  6 orcs (D:3)
  3 giant cockroaches
  5 goblins
  3 hobgoblins (D:1)
  7 jackals
  3 quokkas (D:4)
  3 ball pythons
  13 bats
  13 frilled lizards
  5 kobolds
  A leopard gecko zombie (D:6)
  2 quokka skeletons
  A quokka zombie (D:5)
  7 rats
105 creatures vanquished.

Vanquished Creatures (others)
  A bush (D:6)
1 creature vanquished.

Grand Total: 106 creatures vanquished

Notes
Turn   | Place    | Note
-------+----------+-------------------------------------------
     0 | D:1      | wojtek the Gargoyle Fighter began the quest for the Orb.
     0 | D:1      | Reached XP level 1. HP: 14/14 MP: 1/1
   143 | D:1      | Reached XP level 2. HP: 19/19 MP: 2/2
   235 | D:1      | Reached skill level 3 in Maces & Flails
   403 | D:1      | Reached XP level 3. HP: 8/23 MP: 3/3
   770 | D:1      | Reached skill level 4 in Maces & Flails
   954 | D:2      | Reached XP level 4. HP: 28/28 MP: 4/4
  2098 | D:3      | Reached skill level 5 in Maces & Flails
  2159 | D:3      | Reached XP level 5. HP: 32/32 MP: 5/5
  2329 | D:3      | Found a faded altar of an unknown god.
  2473 | D:3      | Noticed Grinder
  2494 | D:3      | Paralysed by Grinder for 4 turns
  2512 | D:3      | Killed Grinder
  2512 | D:3      | Reached skill level 6 in Maces & Flails
  2512 | D:3      | Reached XP level 6. HP: 6/37 MP: 6/6
  2935 | D:4      | Noticed Jessica
  2936 | D:4      | Found a sparkling altar of Nemelex Xobeh.
  2942 | D:4      | Killed Jessica
  2942 | D:4      | Reached skill level 7 in Maces & Flails
  2982 | D:4      | Found Zaolakei's Gadget Emporium.
  2984 | D:4      | Found Hin Wiwifa's Magic Scroll Emporium.
  2985 | D:4      | Found Hygrodenk's Weapon Emporium.
  2985 | D:4      | Found Asausami's Magic Scroll Emporium.
  3040 | D:4      | Reached XP level 7. HP: 38/41 MP: 7/7
  3089 | D:4      | Bought a scroll of identify for 26 gold pieces
  3089 | D:4      | Bought a scroll of magic mapping for 45 gold pieces
  3089 | D:4      | Bought a scroll of teleportation for 39 gold pieces
  3693 | D:5      | Entered Level 5 of the Dungeon
  3773 | D:5      | Noticed poirepourri's ghost (novice SpEn)
  3800 | D:5      | Reached skill level 1 in Dodging
  3851 | D:6      | Found a staircase to the Ecumenical Temple.
  3862 | Temple   | Entered the Ecumenical Temple
  3938 | Temple   | Became a worshipper of Makhleb the Destroyer
  4216 | D:6      | Reached skill level 1 in Invocations
  4216 | D:6      | Reached XP level 8. HP: 30/48 MP: 8/8
  4387 | D:6      | HP: 1/48 [orc priest/divine providence (11)]
  4388 | D:6      | Slain by an orc priest

Skill      XL: |  1  2  3  4  5  6  7 |
---------------+----------------------+-----
Maces & Flails | 3 4 5 6 7 |  7.7
Dodging        | 1 |  1.8
Fighting       | 4 |  4.3
Armour         | 4 |  4.3
Shields        | 4 |  4.3
Invocations    | 1 |  1.9

Action                   |  1- 3 |  4- 6 |  7- 9 || total
-------------------------+-------+-------+-------++-------
Melee: Flail             |    98 |       |       ||    98
       Whip              |    31 |   197 |   180 ||   408
       Unarmed           |       |     5 |       ||     5
  Use: Potion            |       |       |     1 ||     1
  Eat: Chunk             |       |     6 |     6 ||    12
Armor: Scale mail        |   105 |       |       ||   105
       Chain mail        |       |    74 |    87 ||   161
       Skin              |       |       |     1 ||     1
Dodge: Dodged            |    71 |    42 |    34 ||   147
Block: Shield            |    94 |    88 |    68 ||   250
